 Dungeon Crawl Stone Soup version 0.27.1-3-gb3d3a73c9e (webtiles) character file.

Game seed: 7409042462375964202

201 Urokeeper the Sneak (level 6, -5/47 HPs)
             Began as a Human Brigand on Oct 21, 2021.
             Killed by divine providence
             ... invoked by an orc priest
              (11 damage)
             ... on level 3 of the Dungeon.
             The game lasted 00:08:54 (3953 turns).

Urokeeper the Sneak (Human Brigand)                 Turns: 3953, Time: 00:08:54

Health: -5/47      AC:  6    Str: 11    XL:     6   Next: 7%
Magic:  6/6        EV: 12    Int: 12    God:
Gold:   124        SH:  0    Dex: 16    Spells: 5/5 levels left

rFire    . . .     SeeInvis +   f - +0 falchion
rCold    . . .     Faith    .   (no shield)
rNeg     . . .     Spirit   .   p - +0 leather armour
rPois    .         Reflect  .   v - +0 helmet
rElec    .         Harm     .   c - +0 cloak
rCorr    .         Rampage  .   (no gloves)
Will     .....                  l - +0 pair of boots
Stlth    +++.......             (no amulet)
HPRegen  0.15/turn              r - ring of see invisible
MPRegen  0.10/turn              s - ring of flight

@: flying
A: no striking features
a: no special abilities


You were on level 3 of the Dungeon.
You visited 1 branch of the dungeon, and saw 3 of its levels.

You collected 124 gold pieces.

Inventory:

Hand Weapons
 a - a +2 dagger
 f - a +0 falchion (weapon)
Missiles
 d - 2 poisoned darts (quivered)
Armour
 b - a +0 robe
 c - a +0 cloak (worn)
 l - a +0 pair of boots (worn)
 p - a +0 leather armour (worn)
 v - a +0 helmet (worn)
Jewellery
 k - a ring of magical power
 r - a ring of see invisible (left hand)
 s - a ring of flight (right hand)
Scrolls
 g - a scroll of fear {unknown}
 h - a scroll of enchant armour {unknown}
 i - a scroll of enchant weapon {unknown}
 m - 2 scrolls of identify {unknown}
 o - a scroll of teleportation
Potions
 j - a potion of ambrosia {unknown}
 n - 2 potions of curing {unknown}
 q - a potion of berserk rage {unknown}
 t - a potion of heal wounds {unknown}
 u - a potion of lignification {unknown}
 w - a potion of magic {unknown}


   Skills:
 + Level 3.1 Fighting
 - Level 2.2(3.0) Short Blades
 * Level 2.9(3.3) Long Blades
 - Level 2.0 Throwing
 + Level 2.5 Dodging
 + Level 4.8 Stealth


You had 5 spell levels left.
You didn't know any spells.
Your spell library was empty.

Dungeon Overview and Level Annotations

Branches:
Dungeon (3/15)

Altars:
Ashenzari


Message History

The orc hits you with a +0 war axe.
* * * LOW HITPOINT WARNING * * *
The orc priest invokes the aid of Beogh against you.
Pain shoots through your body!
* * * LOW HITPOINT WARNING * * *
Unknown command.
The orc barely misses you. The orc priest closely misses you.
The orc priest casts a cantrip, but nothing happens.
The orc priest calls upon Beogh to heal the orc.
The orc's wounds heal themselves!
The orc priest looks more healthy.
The orc hits you with a +0 war axe.
* * * LOW HITPOINT WARNING * * *
You closely miss the orc. The orc barely misses you.
You hit the orc.
The orc is moderately wounded.
The orc barely misses you.
You riposte.
You barely miss the orc.
The orc is moderately wounded.
Throw: 2 darts (curare)
Press: ? - help, Q - select action, (/) - cycle Shift-Dir - straight line, f - orc
Aim: an orc, wielding a +0 war axe and wearing a +0 leather armour (lightly wounded, 62% to hit)
You throw a curare-tipped dart. The curare-tipped dart hits the orc.
The orc is poisoned.
The orc convulses.
The orc seems to slow down.
The orc is almost dead.
You kill the orc!
Okay, then.
Throw: dart (curare)
Press: ? - help, Q - select action, (/) - cycle Shift-Dir - straight line, f - orc priest
Aim: an orc priest, wielding a +0 hand axe (heavily wounded, 62% to hit)
You throw a curare-tipped dart.
The curare-tipped dart barely misses the orc priest.
You hit the orc.
The orc is lightly wounded.
The orc hits you with a +0 club.
* * * LOW HITPOINT WARNING * * *
The orc priest mumbles some strange prayers to Beogh against you.
Beogh smites you!
You die...

# #.#.#..# ....#............ #.#
#.#.#..# ..........._......
#.####.#.##.## ..................
#......#.##..# #......###...###..
.............###......#G#...#G#..
.........g....g.......###...###..
.......gg..#)####................
.##...B.####....(................
.##.....# #....@................
.###.#### #......o....#.########
.###..######...........#.........
...........##.###)##o#.#...######
..#######...((.....#.#.#.........
..# ### #.###..##).#o#.##.#######
..#######....).......#...........
..+.._..'.####.##..###<##.#######
..###.###.# #............#


You could see an orc priest and an orc.

Vanquished Creatures
  Natasha (thrice) (D:2)
  Robin (D:3)
  3 gnolls
  2 adders
  A worm (D:2)
  3 orcs
  7 ball pythons
  4 endoplasms
  A giant cockroach (D:2)
  9 goblins
  9 hobgoblins
  A quokka (D:2)
  6 bats
  4 frilled lizards
  6 kobolds
  3 rats
63 creatures vanquished.

Notes
Turn   | Place    | Note
-------+----------+-------------------------------------------
     0 | D:1      | Urokeeper the Human Brigand began the quest for the Orb.
     0 | D:1      | Reached XP level 1. HP: 16/16 MP: 1/1
     0 | D:1      | Noticed a merfolk
     0 | D:1      | Noticed a minotaur
     1 | D:1      | Noticed a vampire
     2 | D:1      | Noticed a gargoyle
     4 | D:1      | Noticed an octopode
     4 | D:1      | Noticed a vampire
     6 | D:1      | Noticed a palentonga
     8 | D:1      | Noticed a merfolk
    11 | D:1      | Noticed a felid
    13 | D:1      | Noticed a felid
    15 | D:1      | Noticed a demonspawn
    15 | D:1      | Noticed a palentonga
    17 | D:1      | Noticed a palentonga
    19 | D:1      | Noticed a vampire
    19 | D:1      | Noticed a merfolk
    21 | D:1      | Noticed a minotaur
    86 | D:1      | Reached XP level 2. HP: 19/22 MP: 2/2
   545 | D:1      | You fall into a shaft and drop 1 floor!
   891 | D:1      | Reached XP level 3. HP: 7/27 MP: 3/3
  1234 | D:1      | Reached skill level 1 in Long Blades
  1543 | D:2      | Reached XP level 4. HP: 34/34 MP: 4/4
  2725 | D:3      | Found a broken altar of Ashenzari.
  2736 | D:3      | Noticed Robin
  2773 | D:2      | Reached XP level 5. HP: 38/39 MP: 5/5
  3101 | D:3      | Killed Robin
  3208 | D:3      | Noticed an eye of devastation
  3212 | D:3      | Found a faded altar of an unknown god.
  3250 | D:3      | Noticed Natasha
  3382 | D:2      | Killed Natasha
  3409 | D:2      | Noticed Natasha
  3420 | D:2      | Killed Natasha
  3580 | D:2      | Noticed Natasha
  3588 | D:2      | Killed Natasha
  3589 | D:2      | Reached XP level 6. HP: 27/47 MP: 6/6
  3829 | D:3      | Noticed an eye of devastation
  3833 | D:3      | Noticed a great orb of eyes
  3833 | D:3      | Noticed a golden eye
  3953 | D:3      | Killed from afar by an orc priest

Illustrated notes

Levels and vault maps discovered:
D:1:      shiori_arrival_whats_in_store_for_you, layout_basic, st_stairs_2
D:2:      layout_basic
D:3:      layout_basic, lemuel_doored_altar, grunt_temple_overflow_diamond,
          hellmonk_ecumenical_altar_watching_god, kennysheep_pointless_box,
          uniq_robin, uniq_natasha

Skill      XL: |  1  2  3  4  5 |
---------------+----------------+-----
Long Blades    | 1 2 |  2.9
Dodging        | 2 |  2.5
Fighting       | 3 |  3.1
Short Blades   | |  2.2
Throwing       | |  2.0
Stealth        | |  4.8

Action                   |  1- 3 |  4- 6 || total
-------------------------+-------+-------++-------
Melee: Dagger            |    14 |       ||    14
       Falchion          |    46 |   124 ||   170
Throw: Dart              |    10 |    28 ||    38
  Use: Scroll            |       |     1 ||     1
 Stab: Sleeping          |     5 |     2 ||     7
Armor: Robe              |    19 |       ||    19
       Leather armour    |     5 |    41 ||    46
Dodge: Dodged            |    44 |   124 ||   168
       Rpst.: Falchion   |     6 |    35 ||    41
